 Dungeon Crawl Stone Soup version 0.26.1-11-gd32895ea62 (webtiles) character file.

Game seed: 17563464423231231064

554 Gwenloh the Tainter (level 7, -3/52 (55) HPs)
             Began as a Naga Venom Mage on May 22, 2021.
             Killed from afar by an orc wizard (4 damage)
             ... with a puff of flame
             ... on level 4 of the Dungeon.
             The game lasted 00:29:46 (3520 turns).

Gwenloh the Tainter (Naga Venom Mage)               Turns: 3520, Time: 00:29:46

HP:   -3/52 (55)    AC:  4    Str: 11    XL:     7   Next: 30%
MP:   7/10          EV: 10    Int: 23    God:
Gold: 173           SH:  0    Dex: 11    Spells: 1/10 levels left

rFire    . . .     SeeInvis +   b - +0 dagger
rCold    . . .     Faith    .   (no shield)
rNeg     + . .     Spirit   .   s - +1 robe {rN+}
rPois    +         Reflect  .   (no helmet)
rElec    .         Harm     .   (no cloak)
rCorr    .         Rampage  .   (no gloves)
Will     +....                  (no barding)
Stlth    ++........             l - amulet of magic regeneration
HPRegen  0.17/turn              j - +6 ring of intelligence
MPRegen  0.37/turn              h - ring of willpower

@: drained, very slow
A: large, see invisible, deformed body, poison resistance, slowness 2, spit
poison 1, AC +2
a: Spit Poison


You were on level 4 of the Dungeon.
You visited 1 branch of the dungeon, and saw 4 of its levels.

You collected 173 gold pieces.

Inventory:

Hand Weapons
 b - a +0 dagger (weapon)
Armour
 a - a +0 robe
 s - a +1 robe of positive energy (worn)
Jewellery
 c - an uncursed amulet of faith
 g - an uncursed ring of protection from fire
 h - a ring of willpower (right hand)
 j - a +6 ring of intelligence (left hand)
 l - an amulet of magic regeneration (around neck)
Scrolls
 f - a scroll of enchant armour {unknown}
 i - a scroll of blinking {unknown}
 m - 2 scrolls of identify {unknown}
 n - 3 scrolls of teleportation {unknown}
Potions
 d - a potion of lignification {unknown}
 e - a potion of berserk rage {unknown}
 k - a potion of resistance {unknown}
 o - 2 potions of flight {unknown}
 p - 2 potions of attraction {unknown}
 q - a potion of invisibility {unknown}
 r - a potion of magic {unknown}
 t - a potion of brilliance {unknown}


   Skills:
 - Level 1.5 Dodging
 - Level 3.0 Stealth
 - Level 2.0 Spellcasting
 - Level 3.0 Transmutations
 + Level 2.5 Fire Magic
 - Level 3.0 Air Magic
 + Level 8.1 Poison Magic


You had one spell level left.
You knew the following spells:

 Your Spells              Type           Power        Failure   Level
a - Sting                 Tmut/Pois      100%         1%          1
b - Poisonous Vapours     Pois/Air       56%          1%          2
c - Ignite Poison         Fire/Tmut/Pois 23%          6%          3
d - Mephitic Cloud        Conj/Pois/Air  19%          9%          3

Your spell library contained the following spells:

 Spells                   Type           Power        Failure   Level
 Olgreb's Toxic Radiance  Pois           39%          4%          4


Dungeon Overview and Level Annotations

Branches:
Dungeon (4/15)
 Temple: D:4-7

Altars:
Elyvilon
Gozag
Kikubaaqudgha
Makhleb
Uskayaw
Zin

Annotations:
D:4 1 transporter


Innate Abilities, Weirdness & Mutations

You cannot wear boots.
Your serpentine skin is tough. (AC +2)
You have supernaturally acute eyesight. (SInv)
Armour fits poorly on your strangely shaped body.
Your system is resistant to poisons. (rPois)
You cover ground very slowly.
You can spit poison.


Message History

The orc wizard hits you with a +0 dagger.
* * * LOW HITPOINT WARNING * * *
The wight hits you but does no damage. The orc wizard closely misses you.
The centaur skeleton hits you.
* * * LOW HITPOINT WARNING * * *
You see here a +0 flail.
Unknown command.
The wight hits you with a +0 dagger.
* * * LOW HITPOINT WARNING * * *
The orc wizard hits you but does no damage.
The orc wizard casts a spell at you. The puff of frost hits you.
* * * LOW HITPOINT WARNING * * *
The wight misses you.
The orc wizard hits you but does no damage.
The orc wizard hits you but does no damage.
The wight hits you but does no damage. The orc wizard casts a spell at you.
The puff of flame hits you.
You die...

........#...#
........#...#
........#.).
.......Z#'## ##
####+#.l(..######
.+ #.....#....+
.# #zo...#....#
># ###### .#
#.....#.... .#
##...##..#
#.@...##'####...#
..........
#...........#...#
........>.
#...........#...#
##.####..#
#...........'...#
##.#
#...........#...#
...#
#...........#...#
...#
###'##......#...#
...#
....#......'...#
...#
.....'......#...#


You could see an iguana, a wight, an orc wizard (fast) and a centaur skeleton.

Vanquished Creatures
  Eustachio (D:4)
  3 wights (D:4)
  An orc priest (D:4)
  A hound (D:2)
  2 orc wizards
  A worker ant (D:4)
  3 adders (D:2)
  2 oozes (D:1)
  2 worms
  3 dart slugs
  4 leopard geckos
  9 orcs
  2 ball pythons
  6 bats
  6 giant cockroaches
  11 goblins
  9 hobgoblins
  12 jackals
  4 quokkas
  A ball python skeleton (D:4)
  4 frilled lizards
  8 kobolds
  3 rats
98 creatures vanquished.

Notes
Turn   | Place    | Note
-------+----------+-------------------------------------------
     0 | D:1      | Gwenloh the Naga Venom Mage began the quest for the Orb.
     0 | D:1      | Reached XP level 1. HP: 15/15 MP: 3/3
    31 | D:1      | Reached XP level 2. HP: 17/22 MP: 0/5
   104 | D:1      | Learned a level 2 spell: Poisonous Vapours
   566 | D:1      | Reached XP level 3. HP: 28/28 MP: 6/6
   985 | D:2      | Reached skill level 5 in Poison Magic
  1420 | D:2      | Reached XP level 4. HP: 31/36 MP: 4/7
  1517 | D:2      | Found a burning altar of Makhleb.
  1557 | D:2      | Reached skill level 1 in Air Magic
  1557 | D:2      | Reached skill level 6 in Poison Magic
  1557 | D:2      | Reached XP level 5. HP: 35/42 MP: 3/8
  1793 | D:2      | Learned a level 3 spell: Ignite Poison
  2485 | D:3      | Found a white marble altar of Elyvilon.
  2664 | D:3      | Reached XP level 6. HP: 40/49 MP: 7/9
  2759 | D:3      | Found a hide-covered altar of Uskayaw.
  3073 | D:3      | Found an ancient bone altar of Kikubaaqudgha.
  3104 | D:3      | Found an opulent altar of Gozag.
  3116 | D:3      | Found a glowing silver altar of Zin.
  3207 | D:3      | Learned a level 3 spell: Mephitic Cloud
  3212 | D:4      | Reached skill level 7 in Poison Magic
  3304 | D:4      | Found a transporter.
  3308 | D:4      | Noticed Eustachio
  3319 | D:4      | Killed Eustachio
  3320 | D:4      | Reached skill level 1 in Fire Magic
  3320 | D:4      | Reached XP level 7. HP: 49/55 MP: 1/10
  3367 | D:4      | Found an opulent altar of Gozag.
  3430 | D:4      | Reached skill level 8 in Poison Magic
  3517 | D:4      | HP: 1/52 [orc wizard/puff of frost (6)]
  3520 | D:4      | Killed from afar by an orc wizard

Illustrated notes

Levels and vault maps discovered:
D:1:      dpeg_arrival_rooms_a, layout_loops_ring
D:2:      layout_loops_cross, nicolae_overflow_hidden_temple,
          grunt_ministairs_13, makhleb_blood_cavern_becter
D:3:      layout_basic, grunt_temple_overflow_gold_and_silver,
          lemuel_crystal_altar, kiku_gazebo_pond_becter, lemuel_crystal_altar
D:4:      gammafunk_steamed_eel, layout_gridville, grunt_gozag_breadcrumbs,
          uniq_eustachio, uniq_duvessa

Skill      XL: |  1  2  3  4  5  6  7 |
---------------+----------------------+-----
Transmutations | 2 3 |  3.0
Poison Magic   | 5 6 7 8 |  8.1
Air Magic      | 1 2 3 |  3.0
Fire Magic     | 1 2 |  2.5
Dodging        | |  1.5
Stealth        | |  3.0
Spellcasting   | |  2.0

Action                   |  1- 3 |  4- 6 |  7- 9 || total
-------------------------+-------+-------+-------++-------
Melee: Unarmed           |    10 |       |       ||    10
       Dagger            |     8 |    13 |     5 ||    26
 Cast: Sting             |    33 |    41 |     3 ||    77
       Poisonous Vapours |       |    37 |     2 ||    39
       Ignite Poison     |       |     6 |     3 ||     9
       Mephitic Cloud    |       |     2 |     2 ||     4
 Abil: Spit Poison       |    33 |    16 |     3 ||    52
Armor: Robe              |    21 |     7 |     6 ||    34
Dodge: Dodged            |    37 |    35 |    12 ||    84
